 Dungeon Crawl Stone Soup version 0.26-a0-1131-g5f66e2dd50 (webtiles) character file.

Game seed: 3445368290759413579

129 Froggeryz the Chopper (level 5, -2/57 HPs)
             Began as a Formicid Gladiator on Dec 19, 2020.
             Killed from afar by an orc wizard (4 damage)
             ... with a magic dart
             ... on level 3 of the Dungeon.
             The game lasted 00:02:11 (1788 turns).

Froggeryz the Chopper (Formicid Gladiator)          Turns: 1788, Time: 00:02:12

Health: -2/57      AC: 22    Str: 19    XL:     5   Next: 35%
Magic:  5/5        EV:  2    Int:  8    God:
Gold:   73         SH:  0    Dex: 12    Spells: 4/4 levels left

rFire    . . .     SeeInvis .   a - +0 war axe
rCold    . . .     Faith    .   (no shield)
rNeg     + + +     Spirit   .   (armour currently unavailable)
rPois    +         Reflect  .   (helmet unavailable)
rElec    .         Harm     .   (cloak currently unavailable)
rCorr    .         Rampage  .   (gloves currently unavailable)
Will     .....                  (boots currently unavailable)
Stlth    +.........             (no amulet)
HPRegen  0.19/turn              (no ring)
MPRegen  0.09/turn              (no ring)

@: brilliant, tree-form
A: permanent stasis, dig shafts and tunnels, four strong arms
a: no special abilities


You were on level 3 of the Dungeon.
You were a tree.
You visited 1 branch of the dungeon, and saw 3 of its levels.

You collected 73 gold pieces.

Inventory:

Hand Weapons
 a - a +0 war axe (weapon)
Missiles
 c - 3 throwing nets (quivered)
Armour
 b - a +0 leather armour (melded)
Jewellery
 f - an uncursed amulet of the acrobat {unknown}
Scrolls
 h - 2 scrolls of teleportation {unknown}
 i - 4 scrolls of identify {unknown}
 j - a scroll of enchant weapon {unknown}
 k - 2 scrolls of immolation {unknown}
 m - a scroll of remove curse {unknown}
Potions
 d - a potion of haste


   Skills:
 - Level 2.1 Fighting
 * Level 5.6 Axes
 - Level 2.0 Throwing
 - Level 2.6 Dodging


You had 4 spell levels left.
You didn't know any spells.
Your spell library was empty.

Dungeon Overview and Level Annotations

Branches:
Dungeon (3/15)

Altars:
Sif Muna


Innate Abilities, Weirdness & Mutations

You cannot be hasted, slowed, berserked, paralysed or teleported.
You can dig through walls and to a lower floor.
Your four strong arms can wield two-handed weapons with a shield.
((You have a pair of large antennae on your head. (SInv)))


Message History

Your roots penetrate the ground.
The orc wizard hits you but does no damage.
The orc hits you but does no damage.
The orc wizard hits you but does no damage.
The orc priest calls down the wrath of Beogh upon you.
Beogh smites you!
* * * LOW HITPOINT WARNING * * *
It was a potion of brilliance.
You feel clever all of a sudden. The orc wizard casts a spell at you.
The magic dart hits you but does no damage.
The orc wizard hits you but does no damage.
The orc hits you but does no damage.
The orc wizard hits you but does no damage.
You barely miss the orc wizard.
The orc wizard is heavily wounded.
You completely miss the orc. You barely miss the orc.
The orc wizard points at you and mumbles some strange words.
The magic dart hits you.
You die...

............###
..........#....
.....#.......<.
...............
.>...........#
.......o....###
#.oooo......
####♣# #....#
#.##.# #.##.#
#.##.# #.#..#
##.#.## ..
##..#. ...
#..##


You could see an orc priest, 2 orc wizards and 2 orcs.

Vanquished Creatures
  Natasha (thrice) (D:2)
  An adder (D:3)
  A worm (D:2)
  A leopard gecko (D:1)
  2 ball pythons
  2 giant cockroaches
  4 goblins
  8 hobgoblins
  4 jackals (D:2)
  7 kobolds
  4 bats
  3 rats (D:1)
40 creatures vanquished.

Notes
Turn   | Place    | Note
-------+----------+-------------------------------------------
     0 | D:1      | Froggeryz the Formicid Gladiator began the quest for the
                  | Orb.
     0 | D:1      | Reached XP level 1. HP: 16/16 MP: 1/1
   161 | D:1      | Reached XP level 2. HP: 22/22 MP: 2/2
   883 | D:2      | Noticed Natasha
   887 | D:2      | Reached skill level 4 in Axes
   887 | D:2      | Reached XP level 3. HP: 27/27 MP: 3/3
   892 | D:2      | Killed Natasha
   934 | D:2      | Noticed Natasha
   942 | D:2      | Killed Natasha
   943 | D:2      | Reached skill level 5 in Axes
   943 | D:2      | Reached XP level 4. HP: 33/33 MP: 4/4
   989 | D:2      | Noticed Natasha
   996 | D:2      | Killed Natasha
   997 | D:2      | Reached XP level 5. HP: 26/38 MP: 5/5
  1558 | D:2      | Found a shimmering blue altar of Sif Muna.
  1786 | D:3      | HP: 1/57 [orc priest/divine providence (12)]
  1788 | D:3      | Killed from afar by an orc wizard

Illustrated notes

Levels and vault maps discovered:
D:1:      lightli_arrival_maybe_door_vault, layout_loops_ring, hex_large,
          minmay_door_square
D:2:      layout_rooms, marbit_many_paths, serial_rivers,
          chequers_serial_rivers_micro_e, chequers_serial_rivers_micro_d,
          chequers_serial_rivers_room_b, chequers_serial_rivers_room_b,
          chequers_serial_rivers_micro_c, chequers_serial_rivers_micro_b,
          uniq_natasha
D:3:      layout_rooms, minivault_11, kennysheep_generic_room_9, uniq_sigmund

Skill      XL: |  1  2  3 |
---------------+----------+-----
Axes           | 4 5 |  5.6
Fighting       | |  2.1
Throwing       | |  2.0
Dodging        | |  2.6

Action                   |  1- 3 |  4- 6 || total
-------------------------+-------+-------++-------
Melee: War axe           |    59 |    62 ||   121
  Use: Potion            |       |     4 ||     4
Armor: Leather armour    |    22 |    16 ||    38
       Skin              |       |     6 ||     6
Dodge: Dodged            |    53 |    47 ||   100

Table legend: (Time is in decaauts)
 A = Elapsed time spent in this place.
 B = Non-inter-level travel time spent in this place.
 C = Inter-level travel time spent in this place.
 D = Time resting spent in this place.
 E = Time spent auto-exploring this place.
 F = Levels seen in this place.
 G = Mean time per level.
                   A        B        C        D        E       F      G
               +--------+--------+--------+--------+--------+-----+--------+
         Total |   1826 |   1799 |     27 |     87 |   1437 |   3 |  608.7 |
       Dungeon |   1826 |   1799 |     27 |     87 |   1437 |   3 |  608.7 |
               +--------+--------+--------+--------+--------+-----+--------+

Top non-repeatable levels by time:
     D:1: 898 daAuts
     D:2: 843 daAuts
     D:3: 84 daAuts
